 Dungeon Crawl Stone Soup version 0.25.0-9-g26727b657a (webtiles) character file.

Game seed: 18016802202056596166

5097 Dirian the Carver (level 10, -8/103 HPs)
             Began as a Minotaur Fighter on June 16, 2020.
             Was a Priest of Makhleb.
             Splashed by an acid dragon's acid (9 damage)
             ... on level 9 of the Dungeon.
             The game lasted 00:12:51 (7076 turns).

Dirian the Carver (Minotaur Fighter)                Turns: 7076, Time: 00:12:52

Health: -8/103     AC:  3    Str: 23    XL:     10   Next: 32%
Magic:  7/10       EV:  7    Int:  5    God:    Makhleb [***...]
Gold:   383        SH: 11    Dex: 11    Spells: 9/9 levels left

rFire    . . .     SeeInvis .   a - +1 long sword
rCold    . . .     Gourm    .   c - +0 kite shield
rNeg     . . .     Faith    .   u - +0 chain mail (curse)
rPois    +         Spirit   .   (helmet restricted)
rElec    .         Reflect  .   (no cloak)
rCorr    .         Harm     .   (no gloves)
MR       .....                  (no boots)
Stlth    ..........             f - amulet of regeneration
HPRegen  0.67/turn              j - ring of poison resistance
MPRegen  0.12/turn              p - ring of stealth

@: corroded
A: retaliatory headbutt, horns 2, robust 2, screaming 1, MP-powered wands
a: Minor Destruction, Lesser Servant of Makhleb, Renounce Religion


You were on level 9 of the Dungeon.
You worshipped Makhleb.
Makhleb was most pleased with you.
You were not hungry.

You visited 1 branch of the dungeon, and saw 9 of its levels.

You collected 383 gold pieces.

Inventory:

Hand Weapons
 a - a +1 long sword (weapon)
Armour
 c - a +0 kite shield (worn)
 r - a +0 plate armour
 u - a cursed +0 chain mail (worn)
Jewellery
 f - an amulet of regeneration (around neck)
 j - a ring of poison resistance (left hand)
 l - an uncursed amulet of reflection
 p - a ring of stealth (right hand)
Wands
 g - a wand of enslavement (9)
 h - a wand of paralysis (6)
 m - a wand of flame (18)
 n - a wand of disintegration (9)
 v - a wand of digging (11)
Scrolls
 i - a scroll of enchant weapon
 o - 5 scrolls of immolation
 t - a scroll of teleportation
 x - a scroll of remove curse
 z - a scroll of blinking
Potions
 d - a potion of stabbing {unknown}
 k - a potion of haste {unknown}
 q - 2 potions of curing
 s - a potion of heal wounds {unknown}
Comestibles
 b - 8 chunks of flesh
 e - 15 rations


   Skills:
 + Level 7.2 Fighting
 + Level 12.9 Long Blades
 + Level 8.8 Armour
 + Level 8.3 Shields
 * Level 1.7 Evocations


You had 9 spell levels left.
You didn't know any spells.
Your spell library contained the following spells:

 Spells                   Type           Power        Failure   Level  Hunger
 Animate Skeleton         Necr           N/A          100%        1    ##.....
 Pain                     Necr           #...         100%        1    ##.....
 Confusing Touch          Hex            #.......     100%        3    ####...
 Gell's Gravitas          Tloc           #.........   100%        3    ####...
 Vampiric Draining        Necr           #.........   100%        3    ####...
 Animate Dead             Necr           N/A          100%        4    #####..
 Petrify                  Tmut/Erth      #.......     100%        4    #####..
 Agony                    Necr           #.......     100%        5    ######.
 Metabolic Englaciation   Hex/Ice        #.........   100%        5    ######.
 Yara's Violent Unravell  Hex/Tmut       #.........   100%        5    ######.


Dungeon Overview and Level Annotations

Branches:
Dungeon (9/15)             Temple (0/1) D:5
   Lair: D:8-11         Orc: D:9-12

Altars:
Dithmenos
Gozag
Makhleb
Okawaru
Qazlal
Sif Muna
Trog
Vehumet

Annotations:
D:5 1 runed translucent door


Innate Abilities, Weirdness & Mutations

You reflexively headbutt those who attack you in melee.
You have a pair of horns on your head.
You are very robust. (+20% HP)
You occasionally shout uncontrollably at your foes.
You expend magic power (3 MP) to strengthen your wands.


Message History

The acid dragon claws you.
* * * LOW HITPOINT WARNING * * *
You feel better. You block the acid dragon's attack. x2
You feel better. The acid dragon bites you.
* * * LOW HITPOINT WARNING * * *
The acid dragon claws you.
* * * LOW HITPOINT WARNING * * *
You closely miss the acid dragon.
The acid dragon is severely wounded.
The acid dragon spits acid at you. The splash of acid hits you!
* * * LOW HITPOINT WARNING * * *
You are splashed with acid!
* * * LOW HITPOINT WARNING * * *
You feel better. The acid dragon spits acid at you.
The splash of acid hits you!
* * * LOW HITPOINT WARNING * * *
You are splashed with acid!
You die...

##.#.#.#.##...##....#
####'#####...#....##>
#.......##..##....#..
#..#####..#..##.......
#.##$($##÷#...........
# #$$$$$#.#..##.......
#$$..$#.+...#.......
#$.D$)#.#...#.......
#$@.##.#...........
#..##.##..#...#.......
#.......##...#..##...
####+#####.....÷#..#.
#...........
#......≈<...
#.....#.....
#........###
+...........


You could see an acid dragon (catching breath).

Vanquished Creatures
  A two-headed ogre (D:8)
  The ghost of Esekla the Carver, a novice VSSk of Vehumet (D:8)
  Pikel (D:6)
  The ghost of krystol the Chopper, a novice HOFi of Zin (D:5)
  Grinder (D:3)
  A water moccasin (D:7)
  A black bear (D:6)
  2 ice beasts
  An orc warrior (D:8)
  2 sky beasts
  A necrophage (D:7)
  The ghost of Esekla the Grasshopper, an amateur NaWr (D:3)
  A hornet zombie (D:7)
  4 phantoms
  2 ogres
  2 centaurs (D:7)
  A crocodile (D:8)
  A big kobold (D:7)
  2 bullfrogs
  Blork the orc (D:6)
  A scorpion (D:8)
  A crimson imp (D:9)
  A centaur zombie (D:7)
  An orc priest (D:5)
  2 bullfrog skeletons
  3 hounds
  5 orc wizards
  4 iguanas
  3 worker ants
  A bullfrog simulacrum (D:8)
  A hound skeleton (D:4)
  2 worker ant zombies
  A howler monkey zombie (D:5)
  8 gnolls
  17 adders
  2 shadow imps
  2 oozes
  An adder zombie (D:9)
  An adder skeleton (D:8)
  3 worms
  3 dart slugs
  8 leopard geckos
  18 orcs
  3 giant cockroaches
  9 goblins
  6 hobgoblins
  9 jackals
  4 quokkas
  6 ball pythons
  3 bats
  4 frilled lizards
  A giant cockroach zombie (D:4)
  A jackal skeleton (D:7)
  11 kobolds
  A leopard gecko skeleton (D:4)
  A quokka skeleton (D:9)
  6 rats
182 creatures vanquished.

Notes
Turn   | Place    | Note
-------+----------+-------------------------------------------
     0 | D:1      | Dirian the Minotaur Fighter began the quest for the Orb.
     0 | D:1      | Reached XP level 1. HP: 19/19 MP: 0/0
   190 | D:1      | Reached XP level 2. HP: 27/27 MP: 1/1
   932 | D:2      | Reached skill level 3 in Long Blades
  1013 | D:2      | Reached XP level 3. HP: 31/33 MP: 2/2
  1167 | D:2      | Reached XP level 4. HP: 30/40 MP: 3/3
  1233 | D:2      | Reached skill level 4 in Long Blades
  1607 | D:3      | Noticed Grinder
  1619 | D:3      | Killed Grinder
  1619 | D:3      | Reached skill level 6 in Long Blades
  1619 | D:3      | Reached XP level 5. HP: 21/46 MP: 4/4
  1619 | D:3      | Reached XP level 6. HP: 23/52 MP: 5/5
  1814 | D:3      | Found a runed translucent door.
  1817 | D:3      | Noticed Esekla's ghost (amateur NaWr)
  1966 | D:3      | Found a faded altar of an unknown god.
  2271 | D:3      | Killed Esekla's ghost
  2403 | D:3      | Became a worshipper of Makhleb the Destroyer
  2403 | D:3      | Reached * piety under Makhleb
  2542 | D:4      | Reached skill level 5 in Armour
  2574 | D:4      | Reached skill level 7 in Long Blades
  2686 | D:4      | Reached skill level 5 in Shields
  2709 | D:4      | Reached XP level 7. HP: 51/60 MP: 6/6
  3163 | D:5      | Entered Level 5 of the Dungeon
  3296 | D:5      | Reached skill level 8 in Long Blades
  3421 | D:5      | Reached ** piety under Makhleb
  3566 | D:5      | Found a runed translucent door.
  3569 | D:5      | Noticed krystol's ghost (novice HOFi)
  3727 | D:5      | Found a staircase to the Ecumenical Temple.
  3789 | D:5      | Reached skill level 5 in Fighting
  3885 | D:5      | Reached XP level 8. HP: 21/68 MP: 7/7
  3891 | D:5      | Reached skill level 9 in Long Blades
  4009 | D:5      | Found a bloodstained altar of Trog.
  4023 | D:5      | Found a runed translucent door.
  4281 | D:5      | Killed krystol's ghost
  4556 | D:6      | Noticed Pikel
  4578 | D:6      | Killed Pikel
  4578 | D:6      | Reached skill level 10 in Long Blades
  4632 | D:6      | Found an opulent altar of Gozag.
  4729 | D:6      | Reached XP level 9. HP: 75/75 MP: 8/8
  4756 | D:6      | Noticed Blork the orc
  4762 | D:6      | Killed Blork the orc
  5041 | D:7      | Reached skill level 11 in Long Blades
  5406 | D:7      | Reached *** piety under Makhleb
  5576 | D:7      | Found a shimmering blue altar of Sif Muna.
  5851 | D:7      | Reached skill level 12 in Long Blades
  6054 | D:8      | Noticed a two-headed ogre
  6542 | D:8      | Killed a two-headed ogre
  6542 | D:8      | Reached XP level 10. HP: 49/84 MP: 9/9
  6628 | D:8      | Found a stormy altar of Qazlal.
  6648 | D:8      | Found a runed translucent door.
  6653 | D:8      | Noticed Esekla's ghost (novice VSSk)
  6664 | D:8      | Found a shadowy altar of Dithmenos.
  6690 | D:8      | Found an iron altar of Okawaru.
  6698 | D:8      | Found a radiant altar of Vehumet.
  6861 | D:8      | Gained mutation: You can translocate small distances at
                  | will. [potion of mutation]
  6861 | D:8      | Gained mutation: Your flesh is cold resistant. (rC+)
                  | [potion of mutation]
  6862 | D:8      | Lost mutation: Your flesh is cold resistant. (rC+) [potion
                  | of mutation]
  6862 | D:8      | Lost mutation: You can translocate small distances at will.
                  | [potion of mutation]
  6862 | D:8      | Gained mutation: You are clumsy. (Dex -2) [potion of
                  | mutation]
  6862 | D:8      | Gained mutation: You are resistant to hostile enchantments.
                  | (MR+) [potion of mutation]
  6863 | D:8      | Lost mutation: You are clumsy. (Dex -2) [potion of
                  | mutation]
  6863 | D:8      | Lost mutation: You are resistant to hostile enchantments.
                  | (MR+) [potion of mutation]
  6863 | D:8      | Gained mutation: You expend magic power (3 MP) to
                  | strengthen your wands. [potion of mutation]
  6863 | D:8      | Gained mutation: You occasionally shout uncontrollably at
                  | your foes. [potion of mutation]
  6863 | D:8      | Gained mutation: You are robust. (+10% HP) [potion of
                  | mutation]
  6863 | D:8      | Gained mutation: You are very robust. (+20% HP) [potion of
                  | mutation]
  6877 | D:8      | Killed Esekla's ghost
  6877 | D:8      | Reached skill level 1 in Evocations
  7075 | D:9      | HP: 2/103 [acid (13)]
  7076 | D:9      | Splashed by an acid dragon's acid

Illustrated notes

Levels and vault maps discovered:
D:1:      lemuel_arrival_broad_hall, layout_loops_ring, serial_bayou,
          serial_bayou_lake_a, serial_bayou_ford_a, serial_bayou_pond_b,
          serial_bayou_pond_b, serial_bayou_shore_b, serial_bayou_shore_a,
          nrook_mini_backslash
D:2:      layout_loops_ring, minmay_diced_spiral
D:3:      layout_basic, ebering_ghost_sewer_d, chequers_ecumenical_altar_island,
          uniq_grinder
D:4:      layout_loops_cross, first_ration
D:5:      layout_gridville, bloody_trog, minmay_temple_entry_trees,
          ebering_ghost_sewer_f
D:6:      layout_loops_ring, grunt_gozag_breadcrumbs, uniq_pikel,
          uniq_blork_the_orc
D:7:      layout_basic, old_standard_altar
D:8:      layout_rooms, lemuel_round_altar, minitemple,
          ebering_ghost_inner_flame
D:9:      minmay_the_grid_4x2 [minmay_the_grid_medium_cups,
          minmay_the_grid_minigrid_small, minmay_the_grid_spikes,
          minmay_the_grid_pillar_ring, minmay_the_grid_dragon_b,
          minmay_the_grid_minigrid_small_alt, minmay_the_grid_tri_star,
          minmay_the_grid_prize_four_corners], layout_cave_pools

Skill      XL: |  1  2  3  4  5  6  7  8  9 10 |
---------------+-------------------------------+-----
Shields        | 4 5 6 7 8 |  8.3
Long Blades    | 3 6 7 8 10 12 | 12.9
Armour         | 4 5 7 8 |  8.8
Fighting       | 4 5 6 7 |  7.2
Evocations     | 1 |  1.7

Action                   |  1- 3 |  4- 6 |  7- 9 | 10-12 || total
-------------------------+-------+-------+-------+-------++-------
Melee: Long sword        |    91 |   117 |   345 |    82 ||   635
       Headbutt          |    10 |    21 |    61 |    19 ||   111
Evoke: Wand              |       |       |     4 |     1 ||     5
  Use: Potion            |       |     4 |     4 |     7 ||    15
       Scroll            |       |     7 |     5 |       ||    12
  Eat: Chunk             |     1 |     3 |    10 |       ||    14
       Ration            |       |     1 |     1 |       ||     2
Armor: Scale mail        |    26 |    22 |    90 |       ||   138
       Skin              |       |    33 |     9 |       ||    42
       Chain mail        |       |       |     1 |    25 ||    26
Dodge: Dodged            |    18 |    30 |    69 |    19 ||   136
Block: Kite shield       |    42 |    57 |   183 |    37 ||   319
       Rpst.: Long sword |     6 |     7 |    18 |     5 ||    36
